 Dungeon Crawl Stone Soup version 0.13.0-13-g27bfa31 (webtiles) character file.

222682 Kejsarherre the Warrior (level 18, -11/118 HPs)
             Began as a Gargoyle Monk on Oct 18, 2013.
             Was the Champion of Ashenzari.
             Killed from afar by a merfolk aquamancer (45 damage)
             ... with a shard of ice
             ... on Level 5 of the Shoals on Oct 19, 2013.
             The game lasted 02:08:48 (35914 turns).

Kejsarherre the Warrior (Gargoyle Monk)            Turns: 35914, Time: 02:08:51

HP -11/118       AC 48     Str 24      XL: 18   Next: 65%
MP  32/32        EV 10     Int 20      God: Ashenzari [******]
Gold 3010        SH  0     Dex 12      Spells:  2 memorised, 23 levels left

Res.Fire  : + . .   See Invis. : +   w - +8,+7 quarterstaff "Vefi" {crush, Contam MR++ Str+3}
Res.Cold  : . . .   Warding    : .   s - +2 pearl dragon armour (curse)
Life Prot.: + + .   Conserve   : +   (no shield)
Res.Poison: +       Res.Corr.  : +   v - +2 dwarf helmet (curse)
Res.Elec. : +       Clarity    : +   d - +2 cloak {rCorr, Cons} (curse)
Sust.Abil.: . .     Spirit.Shd : .   c - +0 pair of gauntlets (curse)
Res.Mut.  : .       Stasis     : .   G - +0 pair of boots (curse)
Res.Rott. : +       Flight     : +   Y - cursed amulet "Tysuos" {Gourm Str+4 Int+3}
Gourmand  : +                        I - cursed +2 ring of protection
                                     i - cursed ring of protection from fire

@: flying, very resistant to hostile enchantments, extremely unstealthy
A: large and strong wings, fangs 1, talons 2, mutation resistance 1, life
protection 1, electricity resistance, slow metabolism 1, unbreathing,
petrification resistance, AC +13
a: Stop Flying, Scrying, Transfer Knowledge, Renounce Religion
}: 2/15 runes: barnacled, gossamer


You were on level 5 of the Shoals.
You worshipped Ashenzari.
Ashenzari was exalted by your worship.
You were completely stuffed.

You visited 6 branches of the dungeon, and saw 38 of its levels.
You visited 1 bazaar.
You also visited: Labyrinth.

You collected 3010 gold pieces.

Inventory:

Hand weapons
 w - the cursed +8,+7 quarterstaff "Vefi" (weapon) {crush, Contam MR++ Str+3}
   (You found it on level 4 of the Dungeon)

   It inflicts extra damage upon your enemies.
   It affects your strength (+3).
   It affects your resistance to hostile enchantments.
   It causes magical contamination when unequipped.
   It has a curse placed upon it.
Armour
 c - a cursed +0 pair of gauntlets (worn)
 d - a cursed +2 cloak of preservation (worn)
 s - a cursed +2 pearl dragon armour (worn)
 v - a cursed +2 dwarven helmet (worn)
 G - a cursed +0 pair of boots (worn)
Magical devices
 q - a wand of disintegration (17)
 t - a wand of fire (3)
 J - a wand of hasting (4)
 K - a wand of digging (15)
 N - a wand of polymorph (2)
 W - a wand of fireball (4)
Comestibles
 b - 4 meat rations
 z - a bread ration
 E - an apple
 R - 2 chunks of centaur flesh
Scrolls
 a - 10 scrolls of teleportation
 e - 2 scrolls of enchant weapon I
 f - a scroll of curse weapon
 g - 4 scrolls of blinking
 n - 3 scrolls of fog
 o - 2 scrolls of magic mapping
 x - a scroll of enchant weapon II
 y - 6 scrolls of remove curse
 A - 4 scrolls of fear
 L - a scroll of amnesia
 M - 2 scrolls of curse armour
 O - 3 scrolls of identify
 X - 4 scrolls of vulnerability
Jewellery
 h - a +5 ring of protection
 i - a cursed ring of protection from fire (left hand)
 D - an uncursed ring of protection from magic
 I - a cursed +2 ring of protection (right hand)
 Y - the cursed amulet "Tysuos" (around neck) {Gourm Str+4 Int+3}
   (You found it in a labyrinth)

   [amulet of the gourmand]

   It affects your strength (+4).
   It affects your intelligence (+3).
   It has a curse placed upon it.
Potions
 j - 3 potions of invisibility
 k - 2 potions of berserk rage
 l - a potion of resistance
 m - a potion of might
 p - a potion of cure mutation
 r - 4 potions of restore abilities
 u - 17 potions of curing
 B - 2 potions of heal wounds
 C - a potion of brilliance
 F - a potion of magic
 S - a potion of beneficial mutation
Books
 H - a book of Enchantments

   Spells                             Type                      Level
   Cause Fear                         Hexes                        4
   Silence                            Hexes/Air                    5
   Tukima's Dance                     Hexes                        5
   Deflect Missiles                   Charms/Air                   6
   Haste                              Charms                       6
   Discord                            Hexes                        8
Miscellaneous
 P - a lamp of fire (inert)
 Q - a phial of floods (inert)


   Skills:
 - Level 17.1 Fighting
   Level 1.8 Axes
 - Level 14.7(20.0) Staves
 - Level 16.6(20.4) Armour
 - Level 2.4(6.0) Dodging
 - Level 2.1 Stealth
 - Level 4.3 Unarmed Combat
 - Level 8.0 Spellcasting
 * Level 16.0(19.9) Conjurations
 * Level 9.5(13.8) Earth Magic
 - Level 7.0(11.5) Evocations


You had 23 spell levels left.
You knew the following spells:

 Your Spells              Type           Power        Failure   Level  Hunger
a - Iskenderun's Mystic   Conj           ######..     1%          4    ###....
b - Iron Shot             Conj/Erth      ######....   1%          6    ######.


Dungeon Overview and Level Annotations

Branches:
Dungeon (15/27)            Temple (1/1) D:4             Orc (4/4) D:11
    Elf (0/3) Orc:4          Lair (8/8) D:11         Shoals (5/5) Lair:5
 Spider (5/5) Lair:4        Slime (0/6) Lair:6
 Vaults: D:15-20

Altars:
Ashenzari
Cheibriados
Elyvilon
Fedhas
Kikubaaqudgha
Makhleb
Nemelex Xobeh
Okawaru
Sif Muna
Trog
Vehumet
Xom
Yredelemnul
Zin
the Shining One
Beogh

Shops:
D:6 /   D:7 +   D:10 =   D:14 (   Orc:2 =   Orc:4 (((/*   Shoals:1 (
Shoals:3 (!

Annotations:
D:9 1 exclusion
Lair:1 1 exclusion


Innate Abilities, Weirdness & Mutations

You are resistant to torment.
You are immune to poison.
You can fly continuously.
Your stone body is very resilient (AC +13).
Your wings are large and strong.
You have very sharp teeth.
You have razor-sharp toenails.
You resist negative energy.
You are resistant to electric shocks.
You have a slow metabolism.
You can survive without breathing.
You are immune to petrification.
You are somewhat resistant to further mutation.


Message History

The siren chants a haunting song.
You resist. The siren hits you but does no damage.
You hit the merfolk aquamancer.
The merfolk aquamancer is almost dead.
The merfolk aquamancer gestures at you while chanting.
The great wave of water hits you!
* * * LOW HITPOINT WARNING * * *
You are knocked back by the great wave of water.
The wave splashes down.
You hear an angry hiss.
You hear a shout!
Unknown command.
Drink which item? (? for menu, Esc to quit)
You feel much better.
You hear a splash.
The siren chants a haunting song.
You resist. The siren hits you but does no damage.
The sea snake bites you but does no damage.
The merfolk aquamancer casts a spell at you.
The shard of ice hits you!
You die...

≈≈≈≈≈≈≈ ≈.........%≈≈≈≈≈≈≈≈≈≈≈≈≈≈
≈≈≈ ≈≈≈≈≈≈≈≈....≈≈≈≈≈≈≈≈≈≈≈≈≈≈≈≈≈
≈ ≈ ≈, ,m......≈≈≈(≈≈≈≈≈≈≈≈≈≈≈≈≈≈
≈≈≈≈≈ ,#.......≈≈≈≈≈≈%≈≈≈≈≈≈≈≈≈≈.
≈≈≈≈,,#.......≈≈≈≈≈≈(≈≈≈≈≈≈≈≈≈≈.
≈ ≈ ,#.......≈≈≈≈≈≈≈≈≈≈≈≈≈≈≈≈..
≈≈≈≈≈≈≈........)≈≈≈≈≈≈≈≈≈≈≈≈≈≈≈≈≈
≈≈≈≈≈≈ ≈≈#####.S≈≈≈≈≈≈≈≈≈≈≈≈)≈)≈≈
≈≈≈≈≈ ≈** ,##m@≈#####≈≈≈≈≈≈≈≈≈≈ ≈
≈≈ ≈*≈≈≈ ≈#%≈##≈≈≈##≈≈≈≈≈≈≈.) ≈≈
≈≈≈ #≈≈:≈≈m≈≈#≈≈≈≈≈#≈)≈≈≈≈.). ≈ ≈
≈#≈≈≈≈≈#≈≈#≈≈≈≈≈'≈≈≈≈(.(.. ≈≈
≈≈≈≈≈##≈≈≈##≈≈#≈≈≈≈≈#..≈≈≈.... ≈
≈≈≈≈ #### ≈≈≈##≈≈≈##.....(... ≈
≈≈ ≈ ≈ ≈≈≈≈≈#####..........
≈≈≈≈≈≈≈≈ ≈≈ ≈≈≈≈≈≈≈≈≈≈).(..((....
≈≈≈≈≈≈≈≈ ≈≈≈≈≈≈≈≈≈≈≈≈≈.)).....≈≈≈


You could see a siren, a sea snake and a merfolk aquamancer.

Vanquished Creatures
  Norris (Spider:3)
  Mara (Shoals:5)
  Mennas (Spider:5)
  Nikola (Lair:4)
  2 krakens (Shoals:5)
  Rupert (Spider:3)
  Frances (Spider:5)
  Roxanne (Spider:3)
  Wiglaf (Spider:2)
  5 ghost moths
  Aizul (Spider:3)
  7 emperor scorpions
  A dire elephant (Lair:8)
  4 merfolk javelineers
  Snorg (D:14)
  3 merfolk impalers (Shoals:5)
  A minotaur (Lab)
  A dragon (D:15)
  4 sirens
  Josephine (D:10)
  2 merfolk aquamancers (Shoals:5)
  10 hydras
  Nessos (Orc:3)
  The ghost of oinker the Destroyer, a powerful DEWz of Sif Muna (D:13)
  Erica (Orc:3)
  9 death yaks
  An orc high priest (Orc:2)
  Urug (Spider:1)
  A centaur warrior (D:15)
  8 sea snakes
  A deep elf knight (Orc:4)
  3 unseen horrors
  Pikel (D:3)
  11 harpies
  A giant amoeba (D:14)
  Joseph (D:12)
  8 hill giants
  9 orc knights (Orc:4)
  3 griffons
  5 cyclopes
  4 red wasps
  A sixfirhy (Orc:2)
  39 wolf spiders
  Maurice (D:10)
  An elephant (Lair:8)
  12 spiny frogs
  A queen ant (Spider:3)
  Psyche (D:10)
  A moth of suppression (Spider:5)
  A black mamba (Lair:8)
  13 demonic crawlers
  4 fire drakes
  2 hydra zombies
  14 mermaids
  A blue devil (Orc:2)
  2 minotaur zombies (Lab)
  9 komodo dragons
  18 orb spiders
  Sonja (Orc:3)
  2 two-headed ogres
  Prince Ribbit (Lair:1)
  27 jumping spiders
  2 boulder beetles
  A hydra skeleton (D:14)
  3 trolls
  A trapdoor spider zombie (D:13)
  2 blink frogs (Lair:1)
  The ghost of docbrown the Ducker, an average HaMo (D:5)
  28 tarantellas
  46 redbacks
  18 snapping turtles
  35 yaks
  13 ugly things
  3 wraiths
  41 merfolk
  9 sharks
  2 wyverns
  26 trapdoor spiders
  A vampire (D:13)
  3 elephant slugs
  2 shadows
  10 basilisks
  9 vampire mosquitoes
  A hungry ghost (D:9)
  A merfolk (shapeshifter) (D:14)
  A golden eye (shapeshifter) (D:12)
  2 hill giant skeletons
  A harpy simulacrum (D:14)
  22 hippogriffs
  A mottled dragon (D:14)
  Edmund (D:6)
  A steam dragon (D:8)
  A hell hound (Lair:5)
  A necrophage (D:13)
  2 swamp drakes (Lair:3)
  21 soldier ants
  6 porcupines
  14 manticores
  3 ice beasts
  7 sky beasts
  33 orc warriors
  6 yellow wasps
  A human (D:7)
  13 ogres
  2 boring beetles
  6 giant goldfish
  2 phantoms
  A black bear (D:7)
  8 crocodiles
  A rotting devil (Orc:2)
  Duvessa (D:7)
  26 centaurs
  A giant slug (shapeshifter) (D:14)
  10 giant slugs
  9 wargs
  4 big kobolds
  A wyvern zombie (D:11)
  Blork the orc (D:5)
  A giant slug zombie (D:14)
  A brain worm (D:15)
  18 giant frogs
  9 agate snails
  10 water moccasins
  A cyclops zombie (D:14)
  A wyvern skeleton (D:12)
  A cyclops skeleton (D:13)
  29 killer bees
  A yak zombie (D:13)
  3 troll zombies
  7 electric eels
  A jellyfish (Spider:3)
  3 troll skeletons
  13 wights
  6 hounds
  A yak skeleton (D:15)
  Dowan (D:7)
  6 goliath beetles
  9 crimson imps
  20 spiders
  Crazy Yiuf (D:4)
  A black bear skeleton (D:5)
  2 giant frog skeletons
  15 orc priests
  3 big fish
  A soldier ant zombie (D:15)
  6 orange rats (Lair:5)
  27 worker ants
  7 iguanas
  13 scorpions
  23 orc wizards
  36 sheep
  A mottled dragon zombie (D:14)
  2 big kobold zombies
  2 big kobold skeletons
  2 ogre skeletons
  A boggart (D:12)
  A hound zombie (D:6)
  Terence (D:2)
  2 mummies
  A worker ant zombie (D:11)
  11 adders
  2 giant centipedes
  6 gnolls
  15 green rats
  2 giant mites
  An inept item mimic (D:7)
  11 worms
  A goliath beetle zombie (D:8)
  A giant centipede zombie (D:13)
  2 giant eyeballs (D:13)
  7 giant geckos
  3 oozes
  98 orcs
  27 bats
  16 goblins
  18 hobgoblins
  28 jackals
  5 giant cockroaches
  8 giant newts
  3 giant spores
  A jackal skeleton (D:5)
  27 kobolds
  An orc zombie (D:7)
  9 quokkas
  23 rats
  14 ballistomycetes
  2 fungi
  A plant (Lair:2)
  8 tentacles (Shoals:5)
1382 creatures vanquished.

Vanquished Creatures (collateral kills)
  Saint Roka (Shoals:5)
  Polyphemus (Shoals:5)
  A sea snake (Shoals:5)
  A jumping spider (Spider:3)
  A tarantella (Spider:3)
  A yellow wasp (Spider:5)
  2 spiders (Spider:3)
8 creatures vanquished.

Vanquished Creatures (others)
  A demonic crawler (Spider:5)
  An efreet (Shoals:5)
  A jumping spider (Spider:1)
  4 fire elementals
  A tarantella (Spider:3)
  A redback (Spider:1)
  A phantom (D:4)
  5 spiders
  A killer bee zombie (D:12)
  2 green rats (Lair:3)
  4 orcs (Orc:3)
  A bat skeleton (D:4)
  A quokka (D:4)
  A giant gecko (D:4)
  A giant spore (Lair:4)
  A goblin (D:4)
  4 fungi
  A plant (Shoals:5)
  12 tentacles (Shoals:5)
  128 tentacle segments (Shoals:5)
172 creatures vanquished.

Grand Total: 1562 creatures vanquished

Notes
Turn   | Place    | Note
--------------------------------------------------------------
     0 | D:1      | Kejsarherre, the Gargoyle Monk, began the quest for the Orb.
     0 | D:1      | Reached XP level 1. HP: 12/12 MP: 0/0
    63 | D:1      | Reached skill level 1 in Armour
    63 | D:1      | Reached XP level 2. HP: 12/17 MP: 1/1
   371 | D:1      | Reached XP level 3. HP: 22/22 MP: 2/2
   739 | D:1      | Reached XP level 4. HP: 5/28 MP: 3/3
  1388 | D:2      | Found an ancient bone altar of Kikubaaqudgha.
  1388 | D:2      | Found a snail-covered altar of Cheibriados.
  1389 | D:2      | Found an iron altar of Okawaru.
  1448 | D:2      | Noticed Terence
  1481 | D:2      | Killed Terence
  1860 | D:3      | Reached XP level 5. HP: 30/32 MP: 4/4
  2418 | D:4      | Noticed a slave
  2419 | D:4      | Noticed Pikel
  2419 | D:4      | Noticed a slave
  2422 | D:4      | Noticed a slave
  2422 | D:4      | Noticed a slave
  2452 | D:3      | Killed Pikel
  2452 | D:3      | Reached skill level 5 in Fighting
  2452 | D:3      | Reached skill level 1 in Axes
  2452 | D:3      | Reached skill level 7 in Armour
  2452 | D:3      | Reached XP level 6. HP: 36/38 MP: 5/5
  2452 | D:3      | Reached XP level 7. HP: 39/42 MP: 6/6
  2477 | D:4      | Noticed a phantom
  2490 | D:4      | Killed a phantom
  2502 | D:4      | Got a steaming quarterstaff
  2503 | D:4      | Identified the quarterstaff "Vefi" {crush, Contam MR++ Str+3} (You found it on level 4 of the Dungeon)
  2664 | D:4      | Found a staircase to the Ecumenical Temple.
  2674 | Temple   | Entered the Ecumenical Temple
  2791 | Temple   | Became a worshipper of Ashenzari the Shackled
  2791 | Temple   | Acquired Ashenzari's first power
  3369 | D:4      | Noticed Crazy Yiuf
  3372 | D:4      | Killed Crazy Yiuf
  3414 | D:5      | Entered Level 5 of the Dungeon
  3429 | D:5      | Reached XP level 8. HP: 48/48 MP: 7/7
  3440 | D:5      | Reached skill level 1 in Staves
  3440 | D:5      | Reached skill level 8 in Armour
  3462 | D:5      | Noticed docbrown's ghost (average HaMo)
  3472 | D:5      | Killed docbrown's ghost
  3641 | D:5      | Noticed Blork the orc
  3645 | D:5      | Reached skill level 9 in Armour
  3648 | D:5      | Killed Blork the orc
  3750 | D:6      | Acquired Ashenzari's second power
  3916 | D:6      | Found Tyzxomod's Magical Wand Shoppe.
  3926 | D:6      | Reached XP level 9. HP: 45/53 MP: 8/8
  4226 | D:6      | Noticed Edmund
  4238 | D:6      | Killed Edmund
  4238 | D:6      | Reached skill level 5 in Staves
  4449 | D:7      | Noticed Dowan
  4452 | D:7      | Noticed Duvessa
  4459 | D:7      | Killed Duvessa
  4464 | D:7      | Killed Dowan
  4525 | D:7      | Reached skill level 10 in Armour
  4862 | D:7      | Found Pleipula's Book Shop.
  5385 | D:8      | Acquired Ashenzari's third power
  5386 | D:8      | Reached XP level 10. HP: 34/60 MP: 9/9
  6015 | D:9      | Acquired Ashenzari's fourth power
  6497 | D:9      | Reached skill level 10 in Staves
  6819 | D:10     | Entered Level 10 of the Dungeon
  6949 | D:10     | Noticed Josephine
  6958 | D:10     | Killed Josephine
  6970 | D:10     | Reached skill level 11 in Staves
  6986 | D:10     | Found Xuhudduu's Jewellery Emporium.
  7007 | D:10     | Noticed Psyche
  7018 | D:10     | Killed Psyche
  7099 | D:10     | Reached XP level 11. HP: 50/66 MP: 10/10
  7409 | D:10     | Noticed Maurice
  7418 | D:10     | Killed Maurice
  7589 | D:11     | Reached skill level 12 in Staves
  7596 | D:11     | Identified the +2,+3 short sword of Shrosh {vamp, rC+}
  7698 | D:11     | Found a staircase to the Orcish Mines.
  7723 | D:11     | Reached skill level 10 in Fighting
  8400 | D:11     | Paralysed by you for 5 turns
  8533 | D:12     | Reached skill level 13 in Staves
  8755 | D:12     | Noticed a hill giant
  8755 | D:12     | Noticed a hill giant
  8767 | D:12     | Killed a hill giant
  8788 | D:12     | Killed a hill giant
  9014 | D:12     | Noticed Joseph
  9022 | D:12     | Killed Joseph
  9040 | D:12     | Noticed a hill giant
  9065 | D:11     | Reached XP level 12. HP: 41/74 MP: 11/11
  9217 | D:12     | Noticed a hill giant
  9227 | D:12     | Killed a hill giant
  9404 | D:12     | Reached skill level 14 in Staves
  9513 | D:12     | Killed a hill giant
  9764 | D:13     | Found a flickering gateway to a bazaar.
  9827 | Bazaar   | Entered a bazaar
  9827 | Bazaar   | Found Zaimox's Armour Shoppe.
  9848 | Bazaar   | Found Qaural Gapp's Magic Scroll Boutique.
  9856 | Bazaar   | Found Maul's Book Shop.
  9865 | Bazaar   | Found Myucuunu's Distillery.
  9930 | D:13     | Noticed oinker's ghost (powerful DEWz)
  9940 | D:13     | Killed oinker's ghost
 10194 | D:13     | Reached skill level 1 in Spellcasting
 10421 | D:13     | Paralysed by a giant eyeball for 3 turns
 10711 | D:13     | Identified a +0 rod of destruction (9/9)
 10769 | D:14     | Entered Level 14 of the Dungeon
 10789 | D:14     | Found Vowk's Weapon Shop.
 10921 | D:11     | Identified the +7,+7 war axe of Isticux {chop, Int+2}
 10976 | D:11     | Found a staircase to the Lair.
 10985 | Lair:1   | Entered Level 1 of the Lair of Beasts
 11193 | Lair:1   | Noticed Prince Ribbit
 11223 | Lair:1   | Killed Prince Ribbit
 11336 | Lair:1   | Reached XP level 13. HP: 60/82 MP: 22/22
 11543 | Lair:1   | Found a blossoming altar of Fedhas.
 11659 | Lair:1   | Learned a level 4 spell: Iskenderun's Mystic Blast
 11788 | Lair:1   | Identified a +0 rod of frigid destruction (14/14)
 11904 | Lair:2   | Reached skill level 1 in Conjurations
 12255 | Lair:2   | Reached skill level 1 in Evocations
 12550 | Lair:3   | Reached skill level 5 in Spellcasting
 13126 | Lair:3   | Identified the +2 ring mail "Skuj" {Str+4 Dex+4 Dam+5}
 13328 | Lair:4   | Found a hole to the Spider Nest.
 13744 | Lair:5   | Found a labyrinth entrance.
 13766 | Lab      | Entered a labyrinth
 14004 | Lab      | Noticed a minotaur
 14012 | Lab      | Killed a minotaur
 14057 | Lab      | Identified the amulet "Tysuos" {Gourm Str+4 Int+3}
 14086 | Lab      | Identified the +10,+4 quarterstaff of Embarrassment {crush, Str+2} (You found it in a labyrinth)
 14118 | Lair:5   | Found a staircase to the Shoals.
 14461 | Lair:5   | Reached skill level 15 in Fighting
 14882 | Lair:5   | Gained mutation: Your wings are large and strong. [gargoyle growth]
 14882 | Lair:5   | Reached XP level 14. HP: 82/91 MP: 26/26
 15544 | Lair:6   | Found a staircase to the Slime Pits.
 15644 | Lair:6   | Reached skill level 5 in Conjurations
 15677 | Lair:6   | Reached skill level 5 in Evocations
 16147 | Lair:7   | Identified the cursed +2,+2 dagger of Anetu {speed, SInv}
 16489 | Lair:8   | Entered Level 8 of the Lair of Beasts
 17698 | Orc:1    | Entered Level 1 of the Orcish Mines
 17858 | Orc:2    | Found Kloproeng's Jewellery Boutique.
 17889 | Orc:2    | Found an iron altar of Okawaru.
 18314 | Orc:3    | Noticed Sonja
 18320 | Orc:3    | Noticed Nessos
 18321 | Orc:3    | Noticed Erica
 18324 | Orc:3    | Killed Sonja
 18339 | Orc:3    | Killed Erica
 18356 | Orc:3    | Killed Nessos
 18484 | Orc:4    | Entered Level 4 of the Orcish Mines
 18920 | Orc:4    | Found Sham's Weapon Boutique.
 18920 | Orc:4    | Found Ygolitif's Weapon Emporium.
 19032 | Orc:4    | Found a roughly hewn altar of Beogh.
 19086 | Orc:4    | Found a staircase to the Elven Halls.
 19233 | Orc:4    | Reached XP level 15. HP: 92/96 MP: 29/29
 19311 | Orc:4    | Found Jioseuko's Magical Wand Boutique.
 19311 | Orc:4    | Found Threwuni's General Store.
 19698 | Orc:4    | Reached skill level 10 in Conjurations
 19826 | Orc:4    | Found Tema's Weapon Shoppe.
 20101 | Spider:1 | Entered Level 1 of the Spider Nest
 20102 | Spider:1 | Noticed Nikola
 20350 | Lair:4   | Killed Nikola
 20350 | Lair:4   | Identified a cloak of preservation (You took it off Nikola on level 4 of the Lair of Beasts)
 21037 | Spider:1 | Noticed Urug
 21352 | Spider:1 | Killed Urug
 21866 | Spider:2 | Reached skill level 16 in Fighting
 21891 | Spider:2 | Noticed Wiglaf
 21924 | Spider:2 | Killed Wiglaf
 22684 | D:14     | Noticed Snorg
 22695 | D:14     | Killed Snorg
 23109 | D:14     | Gained mutation: You tend to lose your temper in combat. [mutagenic meat]
 23772 | D:15     | Entered Level 15 of the Dungeon
 24139 | D:15     | Reached skill level 17 in Fighting
 24309 | D:15     | Reached XP level 16. HP: 55/106 MP: 30/30
 24513 | Lair:2   | Learned a level 6 spell: Iron Shot
 24679 | Spider:1 | Reached skill level 1 in Earth Magic
 25654 | Spider:3 | Noticed Rupert
 25677 | Spider:3 | Killed Rupert
 25770 | Spider:3 | Noticed Roxanne
 25928 | Spider:3 | Killed Roxanne
 25930 | Spider:3 | Identified Roxanne's Papyrus of Mutagenic Stones (You took it off Roxanne on level 3 of the Spider Nest)
 25967 | Spider:3 | Noticed Aizul
 25996 | Spider:3 | Killed Aizul
 26218 | Spider:3 | Gained mutation: Your muscles are strong. (Str +2) [mutagenic meat]
 26657 | Spider:3 | Noticed Norris
 26659 | Spider:3 | Identified a +3 rod of fiery destruction (11/11)
 26698 | Spider:3 | Killed Norris
 26698 | Spider:3 | Reached skill level 5 in Earth Magic
 28536 | Spider:4 | Reached XP level 17. HP: 109/112 MP: 31/31
 28791 | Spider:5 | Entered Level 5 of the Spider Nest
 28896 | Spider:5 | Identified the +4 chain mail of Melancholy {Str+2 Acc+5 Curse}
 29044 | Spider:5 | Noticed Mennas
 29088 | Spider:5 | Killed Mennas
 29627 | Spider:5 | Noticed Frances
 29642 | Spider:5 | Killed Frances
 30286 | Spider:5 | Reached skill level 15 in Conjurations
 30947 | Spider:5 | Got a gossamer rune of Zot
 30968 | Spider:5 | Gained mutation: You heal slowly. [mutagenic meat]
 30991 | Spider:5 | Gained mutation: Your magical capacity is low (-10% MP). [mutagenic meat]
 30992 | Spider:5 | Gained mutation: You are partially covered in slimy green scales (AC +2). [mutagenic meat]
 30993 | Spider:5 | Gained mutation: You have claws for feet. [mutagenic meat]
 31240 | Lair:2   | Lost mutation: You tend to lose your temper in combat. [potion of cure mutation]
 31240 | Lair:2   | Lost mutation: You heal slowly. [potion of cure mutation]
 31240 | Lair:2   | Lost mutation: Your magical capacity is low (-10% MP). [potion of cure mutation]
 31240 | Lair:2   | Lost mutation: Your muscles are strong. (Str +2) [potion of cure mutation]
 31240 | Lair:2   | Lost mutation: You have claws for feet. [potion of cure mutation]
 31240 | Lair:2   | Lost mutation: You are partially covered in slimy green scales (AC +2). [potion of cure mutation]
 31464 | Shoals:1 | Entered Level 1 of the Shoals
 31575 | Shoals:1 | Found Shresat's Antique Weapon Emporium.
 31955 | Shoals:2 | Gained mutation: Your magical capacity is low (-10% MP). [potion of mutation]
 31955 | Shoals:2 | Gained mutation: You digest meat inefficiently. [potion of mutation]
 31955 | Shoals:2 | Gained mutation: You cover ground slowly. [potion of mutation]
 32137 | Lair:2   | Lost mutation: Your magical capacity is low (-10% MP). [potion of cure mutation]
 32137 | Lair:2   | Lost mutation: You digest meat inefficiently. [potion of cure mutation]
 32137 | Lair:2   | Lost mutation: You cover ground slowly. [potion of cure mutation]
 32820 | Shoals:3 | Reached skill level 15 in Armour
 33096 | Shoals:3 | Found Nosum's Distillery.
 33104 | Shoals:3 | Reached XP level 18. HP: 103/118 MP: 32/32
 33118 | Shoals:3 | Found Luxuvuul's Weapon Shop.
 33465 | Shoals:4 | Gained mutation: You are somewhat resistant to further mutation. [potion of beneficial mutation]
 33734 | Shoals:5 | Entered Level 5 of the Shoals
 33735 | Shoals:5 | Upgraded the game from 0.13.0-11-g0187522 to 0.13.0-13-g27bfa31
 34102 | Shoals:5 | Noticed Saint Roka
 34836 | Shoals:5 | Got a barnacled rune of Zot
 34947 | Shoals:5 | Noticed Mara
 34951 | Shoals:5 | Noticed Mara
 34951 | Shoals:5 | Noticed Mara
 35085 | Shoals:5 | Noticed Mara
 35085 | Shoals:5 | Noticed Mara
 35091 | Shoals:5 | Killed Mara
 35396 | Shoals:5 | Killed Saint Roka
 35770 | Shoals:5 | Noticed Polyphemus
 35816 | Shoals:5 | Killed Polyphemus
 35878 | Shoals:5 | Identified the +1 leather armour "Wuziq" {+Inv rN+ MR++ Acc+5} (You took it off a merfolk on level 5 of the Shoals)
 35914 | Shoals:5 | Killed from afar by a merfolk aquamancer

Action                   |  1- 3 |  4- 6 |  7- 9 | 10-12 | 13-15 | 16-18 || total
-------------------------+-------+-------+-------+-------+-------+-------++-------
Melee: Unarmed           |   120 |   123 |       |       |       |       ||   243
       War axe           |       |    31 |    20 |       |       |       ||    51
       Quarterstaff      |       |       |   249 |   757 |  1574 |  2098 ||  4678
 Cast: Iskenderun's Myst |       |       |       |       |    18 |    60 ||    78
       Iron Shot         |       |       |       |       |       |     8 ||     8
 Abil: Fly               |       |       |       |       |     1 |       ||     1
Evoke: Wand              |       |       |     2 |    26 |     6 |     9 ||    43
       Miscellaneous     |       |       |       |       |     3 |    20 ||    23
  Use: Potion            |       |     1 |       |     7 |     4 |    11 ||    23
       Scroll            |       |       |    14 |    16 |    21 |    15 ||    66
 Stab: Distracted        |       |       |     1 |     1 |       |     1 ||     3
       Sleeping          |       |       |     1 |       |    10 |       ||    11
       Held in net/web   |       |       |       |       |       |     4 ||     4
